 Dungeon Crawl Stone Soup version 0.31.0-12-g77e489cdc1 (webtiles) character file.

Game seed: 3372267029654899302

5947 PaiMei the Merchant of Misery (level 10, -2/80 HPs)
             Began as a Demonspawn Necromancer on Feb 17, 2024.
             Was a Believer of Kikubaaqudgha.
             Killed from afar by an orc wizard (13 damage)
             ... with a puff of flame
             ... on level 9 of the Dungeon.
             The game lasted 00:13:20 (12265 turns).

PaiMei the Merchant of Misery (DsNe)               Turns: 12265, Time: 00:13:21

Health: -2/80      AC:  4    Str: 16    XL:     10   Next: 54%
Magic:  2/21       EV: 15    Int: 21    God:    Kikubaaqudgha [**....]
Gold:   341        SH:  0    Dex: 13    Spells: 11/24 levels left

rFire   . . .        t - +12 hammer "Gijist" {freeze, Str+2}
rCold   . . .        (no shield)
rNeg    + . .        n - +0 leather armour {rPois}
rPois   +            (no helmet)
rElec   .            r - +0 cloak
rCorr   .            (no gloves)
SInv    .            (no boots)
Will    .....        y - amulet of the acrobat
Stlth   ++           d - +6 ring of strength
HPRegen 0.33/turn    u - ring of positive energy
MPRegen 0.17/turn

%: acrobat
@: no status effects
A: demonic guardian 1, sturdy frame 1, condensation shield, demonic touch 2
a: Renounce Religion, Unearth Wretches


You were on level 9 of the Dungeon.
You worshipped Kikubaaqudgha.
Kikubaaqudgha was pleased with you.
You visited 2 branches of the dungeon, and saw 10 of its levels.
You also visited: Ossuary.

You collected 446 gold pieces.
You spent 105 gold pieces at shops.

Inventory:

Hand Weapons
 e - a +2 mace of draining
 s - a +2 quarterstaff of chaos
 t - the +12 hammer "Gijist" (weapon) {freeze, Str+2}
   (You found it on level 3 of the Dungeon)

   Str+2:     It affects your strength (+2).
 F - a +3 sling
Missiles
 I - 3 darts of dispersal (quivered)
Armour
 a - a +0 robe
 l - a +0 buckler
 n - a +0 leather armour of poison resistance (worn)
 r - a +0 cloak (worn)
Jewellery
 d - a +6 ring of strength (left hand)
 u - a ring of positive energy (right hand)
 y - an amulet of the acrobat (around neck)
 M - a ring of willpower
Wands
 D - a wand of polymorph (6)
 G - a wand of paralysis (5)
 H - a wand of quicksilver (13)
Scrolls
 f - 5 scrolls of fear {unknown}
 g - 3 scrolls of enchant weapon {unknown}
 h - 5 scrolls of teleportation {unknown}
 i - 2 scrolls of enchant armour {unknown}
 j - 3 scrolls of revelation {unknown}
 m - 2 scrolls of poison {unknown}
 o - 8 scrolls of identify {unknown}
 p - a scroll of blinking
 q - 2 scrolls of vulnerability {unknown}
 v - a scroll of immolation {unknown}
 J - 2 scrolls of amnesia {unknown}
Potions
 b - a potion of magic
 c - 4 potions of curing
 k - 3 potions of might {unknown}
 w - 2 potions of haste {unknown}
 x - 3 potions of heal wounds {unknown}
 z - 3 potions of cancellation {unknown}
 A - 3 potions of brilliance {unknown}
 B - a potion of berserk rage {unknown}
 C - a potion of mutation {unknown}
 E - a potion of ambrosia {unknown}
 K - a potion of attraction {unknown}
 L - 2 potions of degeneration {unknown}


   Skills:
 + Level 7.8 Fighting
 + Level 7.5 Dodging
 - Level 2.0 Stealth
 + Level 7.6 Spellcasting
 + Level 9.9 Necromancy


You had 11 spell levels left.
You knew the following spells:

 Your Spells              Type           Power      Damage    Failure   Level
a - Necrotise             Necr           100%       1d9       1%          1
b - Vampiric Draining     Necr           49%        2d9       1%          3
c - Animate Dead          Necr           49%        N/A       1%          4
d - Curse of Agony        Necr           49%        N/A       4%          5

Your spell library contained the following spells:

 Spells                   Type           Power      Damage    Failure   Level
 Sublimation of Blood     Necr           49%        N/A       1%          2
 Fugue of the Fallen      Necr           49%        N/A       1%          3
 Cigotuvi's Dreadful Rot  Necr/Alch/Air  42%        N/A       3%          2
 Static Discharge         Conj/Air       16%        3-4/arc   13%         2
 Dazzling Flash           Conj/Hex       16%        N/A       26%         3
 Mephitic Cloud           Conj/Alch/Air  8%         N/A       26%         3
 Airstrike                Air            4%         2d(1-17)  65%         4
 Leda's Liquefaction      Alch/Erth      4%         N/A       65%         4
 Summon Lightning Spire   Summ/Air       8%         N/A       65%         4
 Lee's Rapid Deconstruct  Erth           4%         3d5*      94%         5
 Silence                  Hex/Air        4%         N/A       94%         5
 Bombard                  Conj/Erth      4%         9d2       100%        6


Dungeon Overview and Level Annotations

Branches:
Dungeon (9/15)             Temple (1/1) D:5         Ossuary (visited)
   Lair: D:8-11         Orc: D:9-12

Altars:
Ashenzari
Cheibriados
Dithmenos
Gozag
Hepliaklqana
Kikubaaqudgha
Makhleb
Nemelex Xobeh
Okawaru
Ru
Sif Muna
Trog
Uskayaw
Vehumet
Wu Jian
Xom
Yredelemnul

Shops:
D:3 *

Annotations:
D:9 hawla's ghost, journeyman DEFE


Innate Abilities, Weirdness & Mutations

A weak demonic guardian rushes to your aid.
Your movements are slightly less encumbered by armour. (ER -2)
A meltable shield of frost defends you. (SH +0)
Your touch may inflict irresistible damage on your foes.


Message History

You feel life coursing into your body. Something hits your shadow imp.
Something hits your shadow imp but does no damage.
Casting: Vampiric Draining (safe; 1% risk of failure)
Confirm with . or Enter, or press ? or * to list all spells.
You don't have enough magic to cast this spell.
Casting: Vampiric Draining (safe; 1% risk of failure)
Confirm with . or Enter, or press ? or * to list all spells.
You don't have enough magic to cast this spell.
You completely miss something.
You touch something!
Something hits your shadow imp.
You hear some strange, mumbled words.
A puff of flame appears from out of thin air!
The puff of flame hits you.
* * * LOW HITPOINT WARNING * * *
Something hits your shadow imp.
The kobold throws a stone.
Something hits your shadow imp. x2; Something hits you.
* * * LOW HITPOINT WARNING * * *
Casting: Vampiric Draining (safe; 1% risk of failure)
Confirm with . or Enter, or press ? or * to list all spells.
You don't have enough magic to cast this spell.
Casting: Vampiric Draining (safe; 1% risk of failure)
Confirm with . or Enter, or press ? or * to list all spells.
You don't have enough magic to cast this spell.
Casting: Vampiric Draining (safe; 1% risk of failure)
Confirm with . or Enter, or press ? or * to list all spells.
You don't have enough magic to cast this spell.
Casting: Vampiric Draining (safe; 1% risk of failure)
Confirm with . or Enter, or press ? or * to list all spells.
You don't have enough magic to cast this spell.
You completely miss something. Your touch misses something.
The kobold zaps a wand.
Something hits your shadow imp but does no damage.
Something hits your shadow imp.
Your shadow imp dies!
Your shadow imp disappears in a puff of smoke!
You hear some strange, mumbled words.
A puff of flame appears from out of thin air!
The puff of flame hits you!
You die...
Kikubaaqudgha rasps: "You have failed me!
Welcome... death!"

).. ##.......#.....#
©.###...####.#.....#
####....## #.......#
.©......# ##......#
.....##.####
##.....# ....<
#....# ##..### #..##
####.# . .... ##...
#.# .# ###.> # #..
#@##.# ### #..
#{#..# #.###K§.#
#...#...# #....##
#))..# ......)####
......o ###....


You could see a kobold.

Vanquished Creatures
  A two-headed ogre (D:7)
  Pikel (D:7)
  A troll (D:8)
  Menkaure (D:7)
  A steam dragon (D:6)
  A water moccasin (D:7)
  Duvessa (D:7)
  2 orc warriors
  2 ice beasts (D:7)
  A sky beast (D:7)
  3 black bears
  An ogre (D:5)
  3 centaurs
  4 elf zombies (Ossuary)
  A kobold brigand (D:9)
  5 bullfrogs
  2 scorpions
  11 wights
  Dowan (D:7)
  16 killer bees
  2 howler monkeys
  2 bombardier beetles
  A jelly (D:5)
  Crazy Yiuf (D:3)
  3 human zombies (Ossuary)
  A centaur zombie (Ossuary)
  An orc priest (D:3)
  3 iguanas
  Natasha (twice) (D:3)
  2 sleepcaps (D:6)
  2 orc wizards
  7 hound zombies (Ossuary)
  3 mummies
  6 gnolls
  6 adders
  3 shadow imps
  A white imp (D:7)
  3 adder zombies (Ossuary)
  A ribbon worm (D:5)
  6 dart slugs
  23 orcs
  An endoplasm (D:3)
  3 giant cockroaches
  13 hobgoblins
  4 quokkas
  9 ball pythons
  2 bats
  3 frilled lizards
  2 gnoll zombies (Ossuary)
  2 goblins
  6 jackal zombies (Ossuary)
  8 kobolds
  4 kobold zombies (Ossuary)
  6 orc zombies (Ossuary)
  9 rats
210 creatures vanquished.

Vanquished Creatures (collateral kills)
  A gnoll bouda (D:7)
  An orc wizard (D:3)
  A gnoll (D:3)
  An endoplasm (D:2)
  A hobgoblin (D:2)
  A frilled lizard (D:3)
  A kobold zombie (Ossuary)
7 creatures vanquished.

Grand Total: 217 creatures vanquished

Notes
Turn   | Place    | Note
-------+----------+-------------------------------------------
     0 | D:1      | PaiMei the Demonspawn Necromancer began the quest for the
                  | Orb.
     0 | D:1      | Reached XP level 1. HP: 13/13 MP: 3/3
   394 | D:1      | Gained mutation: A weak demonic guardian rushes to your
                  | aid. [demonic ancestry]
   394 | D:1      | Reached XP level 2. HP: 19/19 MP: 3/5
  1284 | D:2      | Gained mutation: A meltable shield of frost defends you.
                  | (SH +0) [demonic ancestry]
  1284 | D:2      | Reached XP level 3. HP: 25/25 MP: 1/6
  1563 | D:2      | Reached skill level 1 in Fighting
  2021 | D:3      | Reached skill level 5 in Necromancy
  2021 | D:3      | Reached XP level 4. HP: 17/32 MP: 3/8
  2439 | D:3      | Found a faded altar of an unknown god.
  2627 | D:3      | Noticed Natasha
  2635 | D:3      | Killed Natasha
  2636 | D:3      | Reached XP level 5. HP: 19/38 MP: 2/9
  2760 | D:3      | Found a bloodstained altar of Trog.
  2782 | D:3      | Found Zuowyeff's General Store.
  2789 | D:3      | Bought a scroll of blinking for 105 gold pieces
  2947 | D:3      | Found a sacrificial altar of Ru.
  3289 | D:3      | Noticed Natasha
  3375 | D:3      | Killed Natasha
  3698 | D:3      | Found a runed translucent door.
  3699 | D:3      | Noticed Crazy Yiuf
  3851 | D:3      | Killed Crazy Yiuf
  3852 | D:3      | Gained mutation: Your touch may inflict minor irresistible
                  | damage on your foes. [demonic ancestry]
  3852 | D:3      | Reached XP level 6. HP: 38/46 MP: 2/11
  3861 | D:3      | Identified the +12 hammer "Gijist" {freeze, Str+2}
  3987 | D:4      | Learned a level 3 spell: Vampiric Draining
  3992 | D:4      | Learned a level 4 spell: Animate Dead
  4988 | D:4      | Reached skill level 6 in Necromancy
  4988 | D:4      | Reached XP level 7. HP: 43/52 MP: 4/12
  5273 | D:5      | Entered Level 5 of the Dungeon
  5302 | D:5      | Found a shadowy altar of Dithmenos.
  5388 | D:5      | Found a radiant altar of Vehumet.
  5392 | D:5      | Found a sparkling altar of Nemelex Xobeh.
  5582 | D:5      | Found a sand-covered staircase.
  5590 | Ossuary  | Entered an ossuary
  5893 | Ossuary  | Reached XP level 8. HP: 39/60 MP: 13/15
  6217 | Ossuary  | Reached skill level 7 in Necromancy
  6286 | Ossuary  | Reached skill level 5 in Spellcasting
  6376 | D:5      | Found a staircase to the Ecumenical Temple.
  6385 | Temple   | Entered the Ecumenical Temple
  6392 | Temple   | Became a worshipper of Kikubaaqudgha
  6625 | D:5      | Reached skill level 5 in Dodging
  6748 | D:5      | Reached skill level 5 in Fighting
  7816 | D:6      | Gained mutation: Your touch may inflict irresistible damage
                  | on your foes. [demonic ancestry]
  7816 | D:6      | Reached XP level 9. HP: 68/68 MP: 1/17
  8180 | D:6      | Learned a level 5 spell: Curse of Agony
  8376 | D:7      | Reached skill level 8 in Necromancy
  8676 | D:7      | Noticed Menkaure
  8838 | D:7      | Reached * piety under Kikubaaqudgha
  8838 | D:7      | Received a gift from Kikubaaqudgha
  9276 | D:7      | Noticed Duvessa
  9284 | D:7      | Killed Duvessa
  9285 | D:7      | Noticed Dowan
  9294 | D:7      | Killed Dowan
  9496 | D:7      | Noticed Pikel
  9505 | D:7      | Killed Pikel
  9757 | D:7      | Reached skill level 9 in Necromancy
  9950 | D:7      | Noticed a two-headed ogre
 10298 | D:8      | Gained mutation: Your movements are slightly less
                  | encumbered by armour. (ER -2) [demonic ancestry]
 10298 | D:8      | Reached XP level 10. HP: 75/79 MP: 10/20
 10823 | D:8      | Identified the +0 quarterstaff of an ossuary {freeze, rElec
                  | MP+9}
 11031 | D:8      | Reached ** piety under Kikubaaqudgha
 11261 | D:8      | Found a shimmering altar of Xom.
 11662 | D:7      | Killed Menkaure
 11984 | D:7      | Killed a two-headed ogre
 12164 | D:9      | Found a bloodstained altar of Trog.
 12164 | D:9      | Noticed hawla's ghost (journeyman DEFE)
 12165 | D:9      | Noticed a two-headed ogre
 12166 | D:9      | Noticed a deep troll
 12170 | D:9      | Noticed a moth of wrath
 12265 | D:9      | Killed from afar by an orc wizard

Illustrated notes

Levels and vault maps discovered:
D:1:      lemuel_arrival_lava_pool, layout_basic, kennysheep_pointless_box,
          minmay_door_square, minmay_bisected
D:2:      layout_loops_ring
D:3:      layout_loops_corners, lemuel_round_altar,
          nicolae_ru_the_path_less_chosen, serial_shops, shop,
          shapermc_ecumenical_altar_notcrosses, uniq_natasha,
          uniq_crazy_yiuf_cottage
D:4:      layout_gridville, patterned_corridor
D:5:      layout_basic, nicolae_overflow_hidden_temple,
          grunt_dithmenos_smoke_and_mirrors, minmay_temple_entry_nine_rooms,
          gup_ossuary_entry_pyramid, solitary_fountain
D:6:      layout_basic, dreamdust_mushroom_princess, due_unseen_surprise
D:7:      layout_basic, uniq_menkaure, uniq_pikel, uniq_duvessa
D:8:      layout_cave_pools, mainiacjoe_overflow_boulevard
D:9:      layout_rooms, fedhas_altar_2, nicolae_qazlal_style_of_elements,
          serial_shops, shop, gammafunk_ghost_wrathful_warriors
Temple:   nicolae_temple_ecumenical_triangle

Skill      XL: |  1  2  3  4  5  6  7  8  9 10 |
---------------+-------------------------------+-----
Stealth        | 2 |  2.0
Dodging        | 2 3 4 5 6 7 |  7.5
Fighting       | 1 2 3 4 5 7 |  7.8
Necromancy     | 5 6 7 9 |  9.9
Spellcasting   | 3 4 5 6 7 |  7.6

Action                     |  1- 3 |  4- 6 |  7- 9 | 10-12 || total
---------------------------+-------+-------+-------+-------++-------
  Melee: Mace              |     6 |    27 |   180 |    38 ||   251
         Touch             |       |       |    26 |     8 ||    34
         Punch             |       |       |     1 |       ||     1
   Cast: Necrotise         |    70 |    94 |    60 |    13 ||   237
         Vampiric Draining |       |     2 |    55 |    33 ||    90
    Use: Potion            |       |       |     1 |       ||     1
 Armour: Robe              |     5 |       |       |       ||     5
         Leather armour    |     2 |    44 |   208 |    57 ||   311
  Dodge: Dodged            |    17 |    22 |   200 |    74 ||   313
  Block: Other             |     1 |    10 |    42 |    19 ||    72
